 Dungeon Crawl Stone Soup version 0.29-a0-721-g7f417c9bbb (webtiles) character file.

Game seed: 2833713784996528845

2734 elite277 the Cleaver (level 9, 0/72 HPs)
             Began as a Human Cinder Acolyte on June 27, 2022.
             Was an Initiate of Ignis.
             Slain by a killer bee (5 damage)
             ... on level 8 of the Dungeon.
             The game lasted 00:29:02 (5999 turns).

elite277 the Cleaver (Human Cinder Acolyte)         Turns: 5999, Time: 00:29:04

Health: 0/72       AC:  5    Str: 24    XL:     9   Next: 99%
Magic:  12/12      EV: 13    Int: 15    God:    Ignis [......]
Gold:   284        SH:  0    Dex: 12    Spells: 10/12 levels left

rFire   + + .      SeeInvis .   t - +4 war axe
rCold   + . .      Faith    +   (no shield)
rNeg    . . .      Spirit   .   u - +1 leather armour of Rotation {rElec Regen+ Str+3}
rPois   +          Reflect  .   (no helmet)
rElec   +          Harm     .   (no cloak)
rCorr   +          Rampage  .   y - +0 pair of gloves
Will    .....                   (no boots)
Stlth   ++........              I - amulet of faith
HPRegen 1.02/turn               A - +6 ring of strength
MPRegen 0.13/turn               (no ring)

@: lethally poisoned (0 -> -2), resistant
A: no striking features
a: Renounce Religion, Rising Flame


You were on level 8 of the Dungeon.
You worshipped Ignis.
Ignis was noncommittal.
You visited 2 branches of the dungeon, and saw 9 of its levels.

You collected 323 gold pieces.
You spent 39 gold pieces at shops.

Inventory:

Hand Weapons
 a - a -1 hand axe of flaming
 g - a +0 dagger
 q - a +1 demon whip of venom
 t - a +4 war axe (weapon)
 F - a +0 scimitar of draining
Missiles
 c - 6 boomerangs
 w - 7 poisoned darts (quivered)
Armour
 b - a +0 robe
 e - a +0 ring mail
 h - a +0 leather armour
 j - a +3 ring mail
 u - the +1 leather armour of Rotation (worn) {rElec Regen+ Str+3}
   (You found it on level 4 of the Dungeon)

   Str:       It affects your strength (+3).
   rElec:     It insulates you from electricity.
   Regen:     It increases your rate of health regeneration.
 y - a +0 pair of gloves (worn)
Jewellery
 A - a +6 ring of strength (left hand)
 I - an amulet of faith (around neck)
Wands
 x - a wand of polymorph (6)
 C - a wand of charming (11)
Scrolls
 d - 7 scrolls of identify
 f - 5 scrolls of teleportation
 k - 2 scrolls of fog {unknown}
 l - 4 scrolls of enchant armour {unknown}
 n - 2 scrolls of magic mapping {unknown}
 p - 3 scrolls of blinking {unknown}
 r - 2 scrolls of noise
 z - a scroll of immolation {unknown}
 D - a scroll of brand weapon {unknown}
 E - a scroll of amnesia {unknown}
 G - a scroll of poison {unknown}
Potions
 i - a potion of resistance
 m - a potion of curing
 o - 2 potions of magic {unknown}
 s - 2 potions of heal wounds {unknown}
 v - a potion of might {unknown}
 B - 2 potions of degeneration {unknown}
 H - a potion of flight {unknown}


   Skills:
 + Level 7.1 Fighting
 + Level 9.1 Axes
 + Level 0.1 Throwing
 + Level 3.9 Armour
 + Level 4.1 Dodging
 + Level 1.8 Stealth
 + Level 2.0 Spellcasting
 + Level 4.0 Fire Magic


You had 10 spell levels left.
You knew the following spells:

 Your Spells              Type           Power      Damage    Failure   Level
a - Scorch                Fire           26%        2d6       7%          2

Your spell library contained the following spells:

 Spells                   Type           Power      Damage    Failure   Level
 Beastly Appendage        Tmut           2%         N/A       24%         1
 Freeze                   Ice            4%         1d3       24%         1
 Sting                    Tmut/Pois      4%         1d3       24%         1
 Poisonous Vapours        Pois/Air       2%         N/A       36%         2
 Wereblood                Tmut           1%         N/A       36%         2
 Frozen Ramparts          Ice            2%         1d2       58%         3
 Ozocubu's Armour         Ice            1%         N/A       58%         3
 Spider Form              Tmut/Pois      1%         N/A       58%         3
 Fulminant Prism          Conj/Hex       0%         3d6       94%         4
 Hailstorm                Conj/Ice       1%         3d3       94%         4
 Iskenderun's Mystic Bla  Conj/Tloc      1%         2d3       94%         4
 Olgreb's Toxic Radiance  Pois           1%         N/A       94%         4
 Lee's Rapid Deconstruct  Erth           0%         3d5*      100%        5
 Metabolic Englaciation   Hex/Ice        0%         N/A       100%        5
 Simulacrum               Ice/Necr       0%         N/A       100%        6


Dungeon Overview and Level Annotations

Branches:
Dungeon (8/15)             Temple (1/1) D:4
   Lair: D:8-11

Altars:
Elyvilon
Fedhas
Trog
Uskayaw
Xom

Shops:
D:2 ?


Message History

The killer bee stings you.
* * * LOW HITPOINT WARNING * * *
The killer bee misses you. The killer bee barely misses you.
The necrophage closely misses you. The killer bee barely misses you.
The killer bee stings you.
* * * LOW HITPOINT WARNING * * *
The killer bee stings you.
* * * LOW HITPOINT WARNING * * *
You are poisoned.
The killer bee poisons you!
You feel better.
The killer bee buzzes angrily.
The killer bee stings you.
* * * LOW HITPOINT WARNING * * *
The killer bee stings you but does no damage.
The killer bee stings you.
* * * LOW HITPOINT WARNING * * *
You are poisoned.
The killer bee poisons you!
The necrophage hits you but does no damage.
The killer bee attacks as you move away!
The killer bee barely misses you.
The killer bee attacks as you move away!
The killer bee stings you.
* * * LOW HITPOINT WARNING * * *
The necrophage attacks as you move away!
The necrophage barely misses you.
You feel sick. The killer bee misses you. x2
You feel better. The killer bee misses you. The killer bee stings you.
* * * LOW HITPOINT WARNING * * *
The killer bee stings you.
* * * LOW HITPOINT WARNING * * *
You are poisoned.
The killer bee poisons you! The necrophage closely misses you.
You feel protected.
You feel sick. The killer bee barely misses you.
The killer bee stings you but does no damage.
The killer bee stings you.
* * * LOW HITPOINT WARNING * * *
The killer bee stings you.
You die...

...............
#...#..........
#. ##......... ..
#.........
#.##.........
##............
#......yz#####
y...####yyn.#####
........y@y......
..##.##.###..####
# ... #.# #.#..
.# # #.# # .. .##


You could see a necrophage, 5 killer bees and a wight.

Vanquished Creatures
  Maggie (D:7)
  Grinder (D:3)
  A wyvern (D:7)
  A water moccasin (D:7)
  Duvessa (D:4)
  2 black bears
  A sky beast (D:6)
  2 ogres
  An ice beast (D:6)
  2 centaurs
  A kobold brigand (D:7)
  A bullfrog (D:7)
  A gnoll sergeant (D:5)
  2 necrophages
  2 scorpions (D:5)
  Dowan (D:4)
  A howler monkey (D:6)
  A lava snake (D:7)
  A jelly (D:4)
  3 orc priests
  A gnoll shaman (D:5)
  A hound (D:7)
  5 iguanas
  5 orc wizards
  6 gnolls (D:5)
  3 adders
  2 white imps
  2 ufetubi
  3 worms
  2 dart slugs
  19 orcs
  4 bats
  3 endoplasms
  2 giant cockroaches
  6 hobgoblins
  4 jackals (D:2)
  8 quokkas
  2 training dummies (D:4)
  8 ball pythons
  4 frilled lizards
  9 goblins
  13 kobolds
  6 rats
145 creatures vanquished.

Vanquished Creatures (others)
  67 foxfires
67 creatures vanquished.

Grand Total: 212 creatures vanquished

Notes
Turn   | Place    | Note
-------+----------+-------------------------------------------
     0 | D:1      | elite277 the Human Cinder Acolyte began the quest for the
                  | Orb.
     0 | D:1      | Reached XP level 1. HP: 18/18 MP: 2/2
   356 | D:1      | Reached XP level 2. HP: 7/24 MP: 3/3
   707 | D:1      | Found a faded altar of an unknown god.
   855 | D:1      | Reached XP level 3. HP: 15/29 MP: 4/4
  1390 | D:1      | Learned a level 2 spell: Scorch
  1712 | D:2      | Found Tuonkaor's Magic Scroll Shoppe.
  1722 | D:2      | Bought a scroll of noise for 13 gold pieces
  1722 | D:2      | Bought a scroll of identify for 26 gold pieces
  1823 | D:2      | Identified the +0 leather armour "Woacurof" {Will+}
  1890 | D:3      | Noticed Grinder
  1897 | D:3      | Killed Grinder
  1898 | D:3      | Reached skill level 4 in Axes
  1898 | D:3      | Reached skill level 1 in Armour
  1898 | D:3      | Reached skill level 1 in Dodging
  1898 | D:3      | Reached XP level 4. HP: 37/37 MP: 4/6
  1898 | D:3      | Reached XP level 5. HP: 42/42 MP: 4/7
  1898 | D:3      | Reached XP level 6. HP: 48/48 MP: 4/8
  1920 | D:3      | Reached skill level 5 in Axes
  2264 | D:3      | Found a bloodstained altar of Trog.
  2441 | D:4      | Noticed a black bear
  2459 | D:4      | Reached XP level 7. HP: 36/54 MP: 3/9
  2628 | D:4      | Identified the +1 leather armour of Rotation {rElec Regen+
                  | Str+3}
  2815 | D:4      | Found a staircase to the Ecumenical Temple.
  2822 | Temple   | Entered the Ecumenical Temple
  3020 | D:4      | Noticed Duvessa
  3020 | D:4      | Noticed Dowan
  3033 | D:4      | Killed Duvessa
  3043 | D:4      | Killed Dowan
  3044 | D:4      | Reached skill level 6 in Axes
  3396 | D:5      | Entered Level 5 of the Dungeon
  3423 | D:5      | Reached XP level 8. HP: 45/61 MP: 10/10
  3519 | D:5      | Reached skill level 5 in Fighting
  3925 | D:5      | Identified the +1 scale mail "Iliad" {rC+ rN++}
  3940 | D:5      | Reached skill level 1 in Stealth
  4104 | D:5      | Reached skill level 7 in Axes
  4539 | D:6      | Reached XP level 9. HP: 49/69 MP: 11/11
  4591 | D:6      | Reached skill level 8 in Axes
  5127 | D:7      | Noticed Maggie
  5143 | D:7      | Killed Maggie
  5352 | D:7      | Found a hide-covered altar of Uskayaw.
  5352 | D:7      | Found a white marble altar of Elyvilon.
  5572 | D:7      | Reached skill level 9 in Axes
  5976 | D:8      | Noticed a two-headed ogre
  5999 | D:8      | Slain by a killer bee

Illustrated notes

Levels and vault maps discovered:
D:1:      minmay_arrival_shattered_statue, layout_basic,
          hellmonk_ecumenical_altar_crossroads
D:2:      layout_rooms, serial_shops, shop_statue
D:3:      layout_rooms, trog_butcher_becter, uniq_grinder
D:4:      dreamdust_elfheim, layout_loops_cross, minmay_temple_entry_junction,
          hangedman_decor_clover_reticule
D:5:      layout_loops_ring
D:6:      layout_loops_ring
D:7:      layout_loops_ring, amethyst_overflow_temple_binary, enter_bailey_2,
          kennysheep_generic_room_9, uniq_maggie
D:8:      layout_rooms, serial_shops, nicolae_shop_crystal, special_room
          [special_room_orc]
Temple:   regret_index_temple_mists

Skill      XL: |  1  2  3  4  5  6  7  8  9 |
---------------+----------------------------+-----
Fighting       | 4 5 7 |  7.1
Axes           | 4 5 6 7 9 |  9.1
Armour         | 1 2 3 |  3.9
Dodging        | 1 2 4 |  4.1
Stealth        | 1 |  1.8
Spellcasting   | 2 |  2.0
Fire Magic     | 4 |  4.0
Throwing       | |  0.1

Action                   |  1- 3 |  4- 6 |  7- 9 || total
-------------------------+-------+-------+-------++-------
Melee: Hand axe          |   103 |    27 |     8 ||   138
       Punch             |     1 |       |     2 ||     3
       War axe           |       |    36 |   279 ||   315
Throw: Dart              |       |       |     2 ||     2
 Cast: Scorch            |     4 |     3 |     5 ||    12
Invok: Fiery Armour      |     3 |     1 |     2 ||     6
       Foxfire Swarm     |     3 |     1 |     1 ||     5
  Use: Scroll            |       |       |     2 ||     2
       Potion            |       |       |     5 ||     5
Armor: Robe              |    13 |       |       ||    13
       Ring mail         |    22 |    31 |    11 ||    64
       Leather armour    |       |       |    74 ||    74
Dodge: Dodged            |    72 |    31 |   202 ||   305

Table legend: (Time is in decaauts)
 A = Elapsed time spent in this place.
 B = Non-inter-level travel time spent in this place.
 C = Inter-level travel time spent in this place.
 D = Time resting spent in this place.
 E = Time spent auto-exploring this place.
 F = Levels seen in this place.
 G = Mean time per level.
                   A        B        C        D        E       F      G
               +--------+--------+--------+--------+--------+-----+--------+
         Total |   6057 |   5992 |     65 |    359 |   3193 |   9 |  673.0 |
       Dungeon |   6055 |   5990 |     65 |    359 |   3193 |   8 |  756.9 |
        Temple |      1 |      1 |      0 |      0 |      0 |   1 |    1.0 |
               +--------+--------+--------+--------+--------+-----+--------+

Top non-repeatable levels by time:
     D:1: 1420 daAuts
     D:7: 920 daAuts
     D:4: 860 daAuts
     D:5: 850 daAuts
     D:6: 805 daAuts
     D:3: 693 daAuts
     D:2: 481 daAuts
     D:8: 23 daAuts
  Temple: 1 daAuts
